 Dungeon Crawl Stone Soup version 0.30.0-20-g3b4254fcbd (webtiles) character file.

Game seed: 1447769438547859811

323 RascalDebosk the Magician (level 6, -9/45 HPs)
             Began as a Djinni Hunter on June 3, 2023.
             Was an Initiate of Ashenzari.
             Mangled by a yak (12 damage)
             ... on level 5 of the Dungeon.
             The game lasted 00:21:15 (2965 turns).

RascalDebosk the Magician (Djinni Hunter)           Turns: 2965, Time: 00:21:15

Health: -9/45      AC:  7    Str: 10    XL:     6   Next: 77%
Gold:   270        EV: 15    Int: 19    God:    Ashenzari [......] SH:  0 Dex: 16

rFire   + + .        b - +0 longbow
rCold   x . .        (shield currently unavailable)
rNeg    . . .        v - +1 ring mail {Will+}
rPois   ∞            h - +0 helmet
rElec   .            (no cloak)
rCorr   .            (no gloves)
SInv    .            (boots unavailable)
Will    +....        (no amulet)
Stlth   +            y - +5 ring of evasion
HPRegen 0.27/turn    w - +6 ring of intelligence
MPRegen 0.00/turn

%: infuse magic (-10 HP)
@: flying
A: sickness immunity, fire resistance 2, cold vulnerability 1, float, innate
caster, HP casting, extra vitality 1
a: Renounce Religion


You were on level 5 of the Dungeon.
You worshipped Ashenzari.
Ashenzari was noncommittal.
You visited 1 branch of the dungeon, and saw 5 of its levels.

You collected 270 gold pieces.

Inventory:

Hand Weapons
 b - a +0 longbow (weapon)
 o - a +0 shortbow
Armour
 c - a +0 leather armour
 h - a +0 helmet (worn)
 v - a +1 ring mail of willpower (worn)
Jewellery
 q - a ring of willpower
 w - a +6 ring of intelligence (right hand)
 y - a +5 ring of evasion (left hand)
Wands
 u - a wand of polymorph (6)
Scrolls
 a - 2 scrolls of immolation
 e - a scroll of amnesia {unknown}
 f - 2 scrolls of fog {unknown}
 i - 4 scrolls of teleportation {unknown}
 j - 2 scrolls of butterflies {unknown}
 m - 8 scrolls of identify {unknown}
 r - a scroll of noise {unknown}
 t - a scroll of acquirement {unknown}
 x - a scroll of blinking {unknown}
 z - a scroll of fear {unknown}
 A - a scroll of enchant weapon {unknown}
Potions
 d - a potion of resistance {unknown}
 g - 2 potions of curing {unknown}
 k - a potion of might {unknown}
 l - 4 potions of lignification {unknown}
 n - a potion of degeneration {unknown}
 p - 3 potions of flight {unknown}
 s - 2 potions of attraction {unknown}


   Skills:
 + Level 2.4 Fighting
 - Level 3.2 Ranged Weapons
 + Level 1.1 Armour
 - Level 2.1 Dodging
 - Level 0.7 Stealth
 * Level 4.4 Spellcasting


You knew the following spells:

 Your Spells              Type           Power      Damage    Failure   Level
a - Magic Dart            Conj           84%        1d7       5%          1
b - Lesser Beckoning      Tloc           42%        N/A       9%          2
Your spell library was empty.

Dungeon Overview and Level Annotations

Branches:
Dungeon (5/15)
 Temple: D:4-7

Altars:
Ashenzari
Hepliaklqana
Qazlal
Ru
Wu Jian
Zin

Annotations:
D:2 1 runed translucent door, Crazy Yiuf


Innate Abilities, Weirdness & Mutations

You are immune to sickness and miasma.
You are immune to poison.
Your flesh is very heat resistant. (rF++)
You are vulnerable to cold. (rC-)
You float through the air rather than walking.
You learn spells naturally, not from books.
Your magical power is your life essence.
You have superior vitality. (+4 MHP)


Message History

Aim: an ufetubus (lightly wounded, 40% to hit)
You shoot an arrow. The arrow hits the ufetubus.
You kill the ufetubus!
Found a stone staircase leading up.
A hound comes into view.
Fire: b) +0 longbow
Press: ? - help, Q - select action, (/) - cycle Shift-Dir - straight line, f - hound
Aim: a hound (wandering, hasn't noticed you, 48% to hit)
You shoot an arrow. The hound barks!
The arrow hits the hound!
The hound is severely wounded.
Fire: b) +0 longbow
Press: ? - help, Q - select action, (/) - cycle Shift-Dir - straight line, f/p - hound
Aim: a hound (severely wounded, 48% to hit)
You shoot an arrow. The arrow misses the hound.
Fire: b) +0 longbow
Press: ? - help, Q - select action, (/) - cycle Shift-Dir - straight line, f/p - hound
Aim: a hound (severely wounded, 48% to hit)
You shoot an arrow. The arrow hits the hound!
You kill the hound!
Your Armour skill increases to level 1!
You see here a hound corpse.
Found a stone staircase leading up.
You hear the slow hiss of a very distant avalanche of sand.
There is a stone staircase leading up here.
You fly upwards.
There is a stone staircase leading down here.
A - a scroll labelled XUBLUBBYAR You now have 270 gold pieces (gained 6).
There is a broken altar of Ashenzari here.
You hover solemnly before the altar of Ashenzari.
Ashenzari welcomes you!
Ashenzari warns you of distant threats and treasures.
Ashenzari reveals the structure of the dungeon to you.
Ashenzari shows you where magical portals lie.
There is a stone staircase leading down here.
You fly downwards.
You hear the hiss of flowing sand.
There is an entrance to an ossuary on this level.
Hurry and find it before the portal is buried!
You have a vision of a gate.
There is a stone staircase leading up here.
There is a stone staircase leading up here.
i - 4 scrolls labelled QOEFRIKKYTU (gained 1)
Found 5 stones.
A yak comes into view.
The yak bellows!
Fire: b) +0 longbow
Press: ? - help, Q - select action, (/) - cycle Shift-Dir - straight line, f - yak
Aim: a yak (70% to hit)
You shoot an arrow.
The arrow hits the yak but does no damage.
You hear the slow hiss of a very distant avalanche of sand.
A yak comes into view.
Fire: b) +0 longbow
Press: ? - help, Q - select action, (/) - cycle Shift-Dir - straight line, f/p - yak
Aim: a yak (70% to hit)
You shoot an arrow. The yak bellows!
The arrow hits the yak!
The yak is moderately wounded.
You hear a bellow!
Fire: b) +0 longbow
Press: ? - help, Q - select action, (/) - cycle Shift-Dir - straight line, f/p - yak
Aim: a yak (moderately wounded, 70% to hit)
You shoot an arrow. The arrow hits the yak.
The yak is moderately wounded.
A yak comes into view.
Fire: b) +0 longbow
Press: ? - help, Q - select action, (/) - cycle Shift-Dir - straight line, f/p - yak
Aim: a yak (moderately wounded, 70% to hit)
You shoot an arrow.
The arrow hits the yak but does no damage.
The yak is moderately wounded.
The yak gores you!
Fire: b) +0 longbow
Press: ? - help, Q - select action, (/) - cycle Shift-Dir - straight line, f/p - yak
Aim: a yak (moderately wounded, 70% to hit)
You shoot an arrow. The arrow hits the yak.
The yak is moderately wounded.
The yak barely misses you.
An adder comes into view.
Fire: b) +0 longbow
Press: ? - help, Q - select action, (/) - cycle Shift-Dir - straight line, f/p - yak
Aim: a yak (moderately wounded, 70% to hit)
You shoot an arrow. The arrow hits the yak!
The yak is moderately wounded.
Fire: b) +0 longbow
Press: ? - help, Q - select action, (/) - cycle Shift-Dir - straight line, f/p - yak
Aim: a yak (moderately wounded, 70% to hit)
You shoot an arrow. The arrow hits the yak.
The yak is heavily wounded.
The yak gores you!
* * * LOW HITPOINT WARNING * * *
The yak gores you!
* * * LOW HITPOINT WARNING * * *
The yak gores you but does no damage. The yak gores you!
* * * LOW HITPOINT WARNING * * *
Unknown command.
The yak attacks as you move away! The yak gores you!
You die...

#. ######>. ##.##
......... # ##...##
#..####.. ##.#.....####
#..# ##. ............#
#..# ## ##.#....S## #..# #
........YY#.######..# #
.###.#.##Y#.........######
#... #@# #......†..
#.####.#######<...#####
.$. #........<..##.# ...
#.#.##########.# ...
.....# #.# .#.#.##...# #.#
.. ...... ..# # .##...#
### # ##.##


You could see 3 yaks and an adder.

Vanquished Creatures
  Blork the orc (D:4)
  A hound (D:5)
  A jelly (D:4)
  Ijyb (D:4)
  An orc wizard (D:4)
  4 adders
  2 ufetubi
  3 worms
  2 dart slugs (D:4)
  6 orcs (D:4)
  2 bats
  5 endoplasms
  5 giant cockroaches
  13 goblins
  8 hobgoblins
  3 jackals (D:1)
  3 quokkas
  10 ball pythons
  6 frilled lizards
  3 kobolds
  5 rats
85 creatures vanquished.

Notes
Turn   | Place    | Note
-------+----------+-------------------------------------------
     0 | D:1      | RascalDebosk the Djinni Hunter began the quest for the Orb.
     0 | D:1      | Reached XP level 1. HP: 18/18 MP: 0/0
   136 | D:1      | Reached skill level 1 in Spellcasting
   136 | D:1      | Reached XP level 2. HP: 23/23 MP: 0/0
   138 | D:1      | Found a faded altar of an unknown god.
   356 | D:1      | Reached XP level 3. HP: 28/28 MP: 0/0
   356 | D:1      | Learned a level 1 spell: Magic Dart
   556 | D:2      | Reached skill level 2 in Spellcasting
   849 | D:2      | Reached XP level 4. HP: 29/33 MP: 0/0
   931 | D:2      | Found a hazy altar of Hepliaklqana.
   974 | D:2      | Found a runed translucent door.
   975 | D:2      | Noticed Crazy Yiuf
  1468 | D:3      | Identified the +0 scale mail of Catatonia {rPois rF- Str+5}
  2151 | D:4      | Reached skill level 3 in Spellcasting
  2167 | D:4      | Found a sacrificial altar of Ru.
  2172 | D:4      | Reached XP level 5. HP: 38/38 MP: 0/0
  2172 | D:4      | Learned a level 2 spell: Lesser Beckoning
  2188 | D:4      | Noticed Blork the orc
  2200 | D:4      | Killed Blork the orc
  2201 | D:4      | Reached skill level 4 in Spellcasting
  2201 | D:4      | Reached XP level 6. HP: 40/43 MP: 0/0
  2301 | D:4      | Identified the +0 dagger of Calculation {heavy, rF++ rN+
                  | Int-4 Stlth+}
  2483 | D:4      | Noticed Ijyb
  2499 | D:4      | Killed Ijyb
  2590 | D:4      | Found a glowing silver altar of Zin.
  2591 | D:4      | Found a broken altar of Ashenzari.
  2846 | D:4      | Found a stormy altar of Qazlal.
  2848 | D:4      | Found an ornate altar of the Wu Jian Council.
  2861 | D:5      | Entered Level 5 of the Dungeon
  2903 | D:5      | Reached skill level 1 in Armour
  2928 | D:4      | Became a worshipper of Ashenzari the Shackled
  2954 | D:5      | Noticed a yak
  2955 | D:5      | Noticed a yak
  2957 | D:5      | Noticed a yak
  2962 | D:5      | HP: 2/45 [yak (7)]
  2965 | D:5      | Mangled by a yak

Illustrated notes

Levels and vault maps discovered:
D:1:      lightli_arrival_farm, layout_rooms,
          hellmonk_ecumenical_altar_dog_temple
D:2:      layout_loops_ring, basic_altar, uniq_crazy_yiuf_cottage
D:3:      layout_basic, serial_bayou_lake_a
D:4:      layout_rooms, nicolae_ru_great_annihilating_truth,
          nicolae_overflow_hidden_temple, serial_park_tiny_2,
          minmay_goblin_kobold_house, uniq_blork_the_orc, uniq_ijyb
D:5:      layout_loops_ring, minmay_temple_entry_trees,
          chequers_ossuary_entry_cave, uniq_duvessa, uniq_menkaure, uniq_pikel

Skill      XL: |  1  2  3  4  5  6 |
---------------+-------------------+-----
Spellcasting   | 1 2 3 4 |  4.4
Armour         | 1 |  1.1
Fighting       | |  2.4
Ranged Weapons | |  3.2
Dodging        | |  2.1
Stealth        | |  0.7

Action                     |  1- 3 |  4- 6 || total
---------------------------+-------+-------++-------
   Fire: Shortbow          |    85 |    42 ||   127
         Longbow           |       |   115 ||   115
   Cast: Magic Dart        |    18 |       ||    18
 Armour: Leather armour    |    25 |    15 ||    40
         Ring mail         |       |     3 ||     3
  Dodge: Dodged            |    39 |    62 ||   101
